 Dungeon Crawl Stone Soup version 0.24.0-37-gcf1ca852f1 (webtiles) character file.

Game seed: 493775113692590101, levelgen mode: deterministic

207 Kobolds4U the Sneak (level 5, -1/28 HPs)
             Began as a Deep Elf Conjurer on Dec 6, 2019.
             Slain by a hound (3 damage)
             ... on level 4 of the Dungeon.
             The game lasted 00:08:36 (3252 turns).

Kobolds4U the Sneak (Deep Elf Conjurer)             Turns: 3252, Time: 00:08:37

Health: -1/28      AC:  3    Str:  5    XL:     5   Next: 54%
Magic:  0/11       EV: 13    Int: 21    God:
Gold:   153        SH:  0    Dex: 15    Spells: 4/10 levels left

rFire    . . .     SeeInvis .   q - +0 short sword (holy)
rCold    . . .     Gourm    .   (no shield)
rNeg     . . .     Faith    .   a - +0 robe
rPois    .         Spirit   .   (no helmet)
rElec    .         Reflect  .   (no cloak)
rCorr    .         Harm     .   (no gloves)
MR       .....                  n - +0 pair of boots
Stlth    +++.......             i - amulet of rage
HPRegen  0.09/turn              (no ring)
MPRegen  0.12/turn              (no ring)

@: very slightly contaminated
A: no striking features
a: Evoke Berserk Rage


You were on level 4 of the Dungeon.
You were not hungry.

You visited 1 branch of the dungeon, and saw 4 of its levels.

You collected 153 gold pieces.

Inventory:

Hand Weapons
 g - a +0 dagger
 h - a +0 short sword
 q - a +0 short sword of holy wrath (weapon)
Armour
 a - a +0 robe (worn)
 n - a +0 pair of boots (worn)
Magical Staves
 v - an uncursed staff of poison {unknown}
Jewellery
 i - an amulet of rage (around neck)
Scrolls
 d - 2 scrolls of identify {unknown}
 f - a scroll of amnesia {unknown}
 j - a scroll of teleportation {unknown}
 k - a scroll of fog {unknown}
 o - a scroll of blinking {unknown}
 r - a scroll of enchant armour {unknown}
Potions
 b - a potion of agility {unknown}
 e - a potion of mutation {unknown}
 l - a potion of cancellation {unknown}
 m - a potion of haste {unknown}
 p - a potion of berserk rage {unknown}
 s - a potion of heal wounds {unknown}
 t - a potion of curing {unknown}
Comestibles
 c - 4 rations
 u - 2 chunks of flesh


   Skills:
 * Level 4.2 Short Blades
 - Level 2.4 Dodging
 - Level 5.0 Stealth
 - Level 3.0 Spellcasting
 - Level 4.3 Conjurations


You had 4 spell levels left.
You knew the following spells:

 Your Spells              Type           Power        Failure   Level  Hunger
a - Magic Dart            Conj           ###.         2%          1    None
b - Searing Ray           Conj           ###...       3%          2    ##.....
c - Dazzling Spray        Conj/Hex       ##....       16%         3    ###....

Your spell library contained the following spells:

 Spells                   Type           Power        Failure   Level  Hunger
 Iskenderun's Mystic Bla  Conj           ###.....     22%         4    ####...
 Force Lance              Conj/Tloc      ##......     47%         4    ####...
 Fulminant Prism          Conj/Hex       ##........   47%         4    ####...


Dungeon Overview and Level Annotations

Branches:
Dungeon (4/15)
 Temple: D:4-7

Altars:
Cheibriados
Elyvilon
Gozag
Hepliaklqana
Kikubaaqudgha
Sif Muna
Trog


Message History

The hound bites you.
* * * LOW HITPOINT WARNING * * *
Casting: Magic Dart (safe; 2% risk of failure)
Confirm with . or Enter, or press ? or * to list all spells.
You don't have enough magic to cast that spell.
You completely miss the hound.
The hound is severely wounded.
The hound closely misses you. x2
You closely miss the hound.
The hound is severely wounded.
The hound misses you.
Casting: Magic Dart (safe; 2% risk of failure)
Confirm with . or Enter, or press ? or * to list all spells.
Aiming: Magic Dart (safe; 2% risk of failure)
Press: ? - help, Shift-Dir - straight line, f/p - hound
Aim: a hound (severely wounded)
The magic dart hits the hound.
The hound is almost dead.
The hound bites you.
You die...

#.###...........o
........#..####.
..................
#.#...##...########
#.###.##.### ####
#.#..######. ..(..
##...........
......####.....#######
.......h@.........#
......####).......#
..... #........# ....
#........# ...
#........# ..
#........# #
#........# #.....>..#
#...^....#


You could see a hound.

Vanquished Creatures
  An ogre (D:4)
  5 adders
  An ooze (D:4)
  2 worms
  6 dart slugs
  4 orcs (D:3)
  A bat (D:2)
  A giant cockroach (D:3)
  4 goblins
  8 hobgoblins
  2 jackals (D:3)
  A quokka (D:2)
  2 frilled lizards (D:3)
  11 kobolds
  8 rats
57 creatures vanquished.

Notes
Turn   | Place    | Note
-------+----------+-------------------------------------------
     0 | D:1      | Kobolds4U the Deep Elf Conjurer began the quest for the
                  | Orb.
     0 | D:1      | Reached XP level 1. HP: 10/10 MP: 6/6
    87 | D:1      | Reached skill level 3 in Stealth
   170 | D:1      | Reached XP level 2. HP: 15/15 MP: 2/8
   665 | D:1      | Reached skill level 4 in Stealth
   669 | D:1      | Learned a level 2 spell: Searing Ray
   838 | D:2      | Found a white marble altar of Elyvilon.
   960 | D:2      | Found a snail-covered altar of Cheibriados.
   982 | D:2      | Reached skill level 1 in Short Blades
  1028 | D:2      | Reached XP level 3. HP: 19/19 MP: 4/9
  1227 | D:2      | You fall into a shaft and drop 1 floor!
  1227 | D:3      | Found a hazy altar of Hepliaklqana.
  1598 | D:2      | Found an ancient bone altar of Kikubaaqudgha.
  2132 | D:3      | Reached XP level 4. HP: 24/24 MP: 8/10
  2324 | D:3      | Found a bloodstained altar of Trog.
  2365 | D:3      | Found an opulent altar of Gozag.
  2467 | D:3      | Learned a level 3 spell: Dazzling Spray
  2574 | D:3      | Found a shimmering blue altar of Sif Muna.
  3094 | D:4      | Reached skill level 5 in Stealth
  3146 | D:4      | Noticed an ogre
  3237 | D:4      | Killed an ogre
  3237 | D:4      | Reached XP level 5. HP: 22/28 MP: 2/11
  3252 | D:4      | Slain by a hound

Levels and vault maps discovered:
D:1:      lightli_molten_gateway, layout_basic, corexii_leaking_fountain
D:2:      layout_loops_cross, kennysheep_slug_shrine, kiku_gazebo_garden_becter,
          hangedman_decor_push, roderic_lattice_a, elyvilon_altar_4
D:3:      layout_basic, lemuel_round_altar, old_standard_altar,
          grunt_gozag_statues, marbit_many_paths, serial_corexii_hall,
          corexii_hall_statues_l, corexii_hall_statues_i
D:4:      minmay_chambers_of_threes, layout_rooms, lemuel_round_altar,
          minmay_temple_entry_sparse_star, lightli_sewer_entry_pipes,
          corexii_shack

Skill      XL: |  1  2  3  4 |
---------------+-------------+-----
Stealth        | 3 4 5 |  5.0
Short Blades   | 1 2 4 |  4.2
Dodging        | |  2.4
Spellcasting   | |  3.0
Conjurations   | |  4.3

Action                   |  1- 3 |  4- 6 || total
-------------------------+-------+-------++-------
Melee: Short sword       |     9 |    17 ||    26
 Cast: Magic Dart        |    77 |    49 ||   126
       Searing Ray       |     2 |     1 ||     3
       Dazzling Spray    |       |     3 ||     3
 Stab: Sleeping          |     1 |     2 ||     3
       Invisible         |       |     1 ||     1
  Eat: Chunk             |     3 |     4 ||     7
Armor: Robe              |     2 |     3 ||     5
Dodge: Dodged            |    12 |    18 ||    30
